 Dungeon Crawl Stone Soup version 0.31-a0-180-g519b7de00c (webtiles) character file.

Game seed: 12534924034614817249

1887 innerfire43 the Cutter (level 8, -5/91 HPs)
             Began as a Demonspawn Monk on June 19, 2023.
             Was a Priest of Qazlal.
             Shot with an arrow by a centaur (7 damage)
             ... on level 6 of the Dungeon.
             The game lasted 00:05:27 (4570 turns).

innerfire43 the Cutter (Demonspawn Monk)            Turns: 4570, Time: 00:05:30

Health: -5/91      AC: 24    Str: 13    XL:     8   Next: 92%
Magic:  0/8        EV:  2    Int: 13    God:    Qazlal [***...]
Gold:   322        SH:  4    Dex: 17    Spells: 7/7 levels left

rFire   . . .        n - +4 dagger (drain)
rCold   . . .        d - orb {light}
rNeg    . . .        l - melded +7 ring mail of Philately {Will+ Int-2 Dex+3 Stlth+}
rPois   +            (helmet currently unavailable)
rElec   .            p - melded +1 cloak
rCorr   .            e - melded +0 pair of gloves
SInv    .            (boots currently unavailable)
Will    .....        t - amulet of guardian spirit
Stlth   +            (no ring)
HPRegen 0.35/turn    (no ring)
MPRegen 0.11/turn

%: guardian spirit
@: brilliant, tree-form, glowing
A: stationary, stasis, torment immunity, boosted hp, (antennae 2), ignite blood
1, (spiny 2), big brain 1
a: Renounce Religion, Upheaval, Elemental Force


You were on level 6 of the Dungeon.
You worshipped Qazlal.
Qazlal was most pleased with you.
You were a tree.
You visited 1 branch of the dungeon, and saw 6 of its levels.

You collected 322 gold pieces.

Inventory:

Hand Weapons
 a - a +0 spear
 n - a +4 dagger of draining (weapon)
Armour
 b - a +0 robe
 d - an orb of light (worn)
 e - a +0 pair of gloves (melded)
 k - a +0 helmet
 l - the +7 ring mail of Philately (melded) {Will+ Int-2 Dex+3 Stlth+}
   (You found it on level 2 of the Dungeon)

   Int:       It affects your intelligence (-2).
   Dex:       It affects your dexterity (+3).
   Will:      It increases your willpower.
   Stlth:     It makes you more stealthy.
 p - a +1 cloak (melded)
Jewellery
 q - an amulet of magic regeneration
 t - an amulet of guardian spirit (around neck)
Wands
 j - a wand of polymorph (6)
 v - a wand of paralysis (11)
Scrolls
 f - 2 scrolls of teleportation
 i - a scroll of blinking
 m - 3 scrolls of identify
 o - a scroll of noise
 w - 2 scrolls of vulnerability
Potions
 g - 3 potions of enlightenment
 h - a potion of brilliance
 u - a potion of might {unknown}


   Skills:
 + Level 4.7 Fighting
 * Level 6.4 Short Blades
 - Level 3.9 Polearms
 * Level 5.2 Armour
 * Level 5.0 Dodging
 + Level 1.0 Shields


You had 7 spell levels left.
You didn't know any spells.
Your spell library contained the following spells:

 Spells                   Type           Power      Damage    Failure   Level
 Scorch                   Fire           0%         2d5       43%         2
 Wereblood                Tmut           0%         N/A       43%         2
 Vhi's Electric Charge    Tloc/Air       0%         N/A       67%         3
 Flame Wave               Conj/Fire      0%         2d4       97%         4
 Arcjolt                  Conj/Air       0%         1d10      100%        5
 Yara's Violent Unravell  Hex/Tmut       0%         3d3       100%        5
 Plasma Beam              Fire/Air       0%         2x1d10    100%        6
 Summon Cactus Giant      Summ           0%         N/A       100%        6
 Borgnjor's Revivificati  Necr           0%         N/A       100%        8
 Necromutation            Tmut/Necr      0%         N/A       100%        8
 Death's Door             Necr           0%         N/A       100%        9
 Fire Storm               Conj/Fire      0%         5d1       100%        9


Dungeon Overview and Level Annotations

Branches:
Dungeon (6/15)             Temple (0/1) D:4

Altars:
Qazlal


Innate Abilities, Weirdness & Mutations

You are a tree.
Your roots penetrate the ground, keeping you stationary.
You cannot be teleported.
You are immune to unholy pain and torment.
Your maximum health is greatly increased.
Your equipment is partially melded.
((You have a pair of antennae on your head.))
Your demonic aura sometimes causes spilled blood to erupt in flames.
((You are mostly covered in sharp spines.))
You have an unusually large brain. (Int +2)


Message History

The kobold brigand is heavily wounded.
You feel sick.
The kobold brigand is struck by your spines.
The kobold brigand hits you but does no damage.
You barely miss the kobold brigand.
The kobold brigand is heavily wounded.
You feel sick.
The kobold brigand hits you but does no damage.
You puncture the kobold brigand! You drain the kobold brigand.
You kill the kobold brigand!
Qazlal accepts your kill.
You feel sick.
You hear a shout!
A centaur comes into view.
You feel sick.
The centaur wields a +2 orcbow of electrocution.
You hear the crackle of electricity.
The centaur shoots an arrow.
The arrow hits you!
* * * LOW HITPOINT WARNING * * *
Things that are here:
a +0 short sword; 5 poisoned darts; a kobold corpse You feel sick.
You feel sick.
The centaur shoots an arrow.
The arrow closely misses you.
It was a potion of curing.
You feel better.
The centaur shoots an arrow.
The arrow hits you.
* * * LOW HITPOINT WARNING * * *
You are electrocuted!
* * * LOW HITPOINT WARNING * * *
It was a potion of brilliance.
You feel clever all of a sudden.
The centaur shoots an arrow.
The arrow closely misses you.
The centaur shoots an arrow.
The arrow hits you.
* * * LOW HITPOINT WARNING * * *
It was a potion of lignification.
You turn into a tree.
Your +1 cloak melds into your body.
Your +0 pair of gloves melds into your body.
The +7 ring mail of Philately {Will+ Int-2 Dex+3 Stlth+} melds into your body.
Your roots penetrate the ground.
The centaur shoots an arrow.
The arrow hits you!
You die...

,* ##.# #.....# #....# ,*
########†###...†.#####....##
,*
*#.~....~.##.................
,*
**?..~..~†..############....##
,* *,~..~..~..~.# #.).......
,***,.~..≈~..≈..## #.########
,**,,.########...# #.#
,**,,,*,8,,8,##§.## #.#
**,~**,,,,,,,{##♣.# #.#
**,*,,,******,{##.## #.#
*,,*,,**,~~,**,,#^)# #.#
*,**,**~,,,,~**,##.#
#.########
*,*,,*,,*,,*,,*{,#.#
#.........
*,*,,*,,*>⌠*,,*,,#c#
#########.
*,**,**~,,,,~,*,*#.# #.
*,,*,,**,~~,**,,*^.# #.
**,**,,******,,**.## #.


You could see a centaur.

Vanquished Creatures
  Grinder (D:5)
  Menkaure (D:5)
  A water moccasin (D:5)
  2 ice beasts
  3 black bears
  A phantom (D:5)
  2 kobold brigands (D:6)
  Blork the orc (D:4)
  A bullfrog (D:6)
  2 howler monkeys (D:6)
  2 jellies (D:6)
  6 hounds
  2 iguanas
  2 orc wizards
  Ijyb (D:5)
  A sleepcap (D:5)
  Natasha (D:2)
  7 adders
  A shadow imp (D:4)
  A white imp (D:5)
  An ufetubus (D:5)
  4 worms
  2 dart slugs (D:2)
  14 orcs
  2 endoplasms
  2 giant cockroaches (D:2)
  6 goblins
  4 hobgoblins
  2 jackals (D:3)
  2 quokkas (D:3)
  9 ball pythons
  5 bats
  3 frilled lizards
  6 kobolds
  4 rats
105 creatures vanquished.

Notes
Turn   | Place    | Note
-------+----------+-------------------------------------------
     0 | D:1      | innerfire43 the Demonspawn Monk began the quest for the
                  | Orb.
     0 | D:1      | Reached XP level 1. HP: 18/18 MP: 1/1
   359 | D:1      | Got the Tome of the Wolf
   476 | D:1      | Gained mutation: You have a pair of small antennae on your
                  | head. [demonic ancestry]
   476 | D:1      | Reached XP level 2. HP: 24/24 MP: 2/2
   916 | D:2      | HP: 1/24 [worm (4)]
   956 | D:2      | Gained mutation: You are partially covered in sharp spines.
                  | [demonic ancestry]
   956 | D:2      | Reached XP level 3. HP: 22/29 MP: 3/3
  1071 | D:2      | Identified the +7 ring mail of Philately {Will+ Int-2 Dex+3
                  | Stlth+}
  1411 | D:2      | Noticed Natasha
  1419 | D:2      | Killed Natasha
  1420 | D:2      | Gained mutation: You have an unusually large brain. (Int
                  | +2) [demonic ancestry]
  1420 | D:2      | Reached XP level 4. HP: 36/36 MP: 4/4
  1706 | D:3      | Found a stormy altar of Qazlal.
  1726 | D:3      | Became a worshipper of Qazlal Stormbringer
  1726 | D:3      | Reached * piety under Qazlal
  1726 | D:3      | Reached ** piety under Qazlal
  1796 | D:3      | Reached skill level 1 in Short Blades
  1803 | D:3      | Found a faded altar of an unknown god.
  2282 | D:4      | Noticed a black bear
  2288 | D:4      | Killed a black bear
  2289 | D:4      | Reached skill level 1 in Armour
  2289 | D:4      | Reached XP level 5. HP: 42/42 MP: 5/5
  2309 | D:4      | Reached skill level 2 in Short Blades
  2334 | D:4      | Noticed Blork the orc
  2348 | D:4      | Killed Blork the orc
  2349 | D:4      | Gained mutation: You have a pair of antennae on your head.
                  | [demonic ancestry]
  2349 | D:4      | Reached XP level 6. HP: 34/48 MP: 6/6
  2895 | D:4      | Found a staircase to the Ecumenical Temple.
  3193 | D:5      | Entered Level 5 of the Dungeon
  3231 | D:5      | Reached skill level 3 in Short Blades
  3278 | D:5      | Gained mutation: Your demonic aura sometimes causes spilled
                  | blood to erupt in flames. [demonic ancestry]
  3278 | D:5      | Reached XP level 7. HP: 49/54 MP: 7/7
  3300 | D:5      | Noticed Ijyb
  3310 | D:5      | Killed Ijyb
  3346 | D:5      | Noticed Menkaure
  3360 | D:5      | Killed Menkaure
  3459 | D:5      | Reached skill level 4 in Short Blades
  3723 | D:5      | Gained mutation: You are mostly covered in sharp spines.
                  | [demonic ancestry]
  3723 | D:5      | Reached XP level 8. HP: 61/61 MP: 8/8
  4123 | D:5      | Noticed Grinder
  4137 | D:5      | Killed Grinder
  4138 | D:5      | Reached skill level 5 in Short Blades
  4143 | D:5      | Reached *** piety under Qazlal
  4517 | D:6      | Reached skill level 5 in Armour
  4524 | D:6      | Reached skill level 6 in Short Blades
  4537 | D:6      | Reached skill level 1 in Shields
  4541 | D:6      | Reached skill level 5 in Dodging
  4569 | D:6      | HP: 1/61 [centaur/arrow (3)]
  4570 | D:6      | Shot with an arrow by a centaur

Illustrated notes

Levels and vault maps discovered:
D:1:      dpeg_arrival_rooms_b, layout_basic
D:2:      layout_rooms, uniq_natasha
D:3:      layout_basic, mainiacjoe_overflow_24_doors,
          chequers_ecumenical_altar_simple_redux, chequers_serial_rivers_micro_a
D:4:      layout_loops_corners, minmay_temple_entry_statues_fountains,
          uniq_blork_the_orc
D:5:      layout_basic, serial_co_window_serial, co_window_of_opportunity_a,
          co_window_cross_1, co_window_corner_a, co_window_paths_a,
          co_window_paths_b, co_window_paths_a, co_window_paths_a,
          co_window_paths_b, co_window_paths_a, co_window_unsneaky_path_c,
          co_window_2corner, co_window_corner_b, co_window_sun,
          co_window_paths_d, glass_columns_c, glass_columns_b, glass_columns_a,
          glass_columns_a, glass_columns_a, uniq_ijyb, uniq_menkaure,
          uniq_grinder
D:6:      layout_basic, corner_web_ring, nzn_random_ring

Skill      XL: |  1  2  3  4  5  6  7  8 |
---------------+-------------------------+-----
Polearms       | 3 |  3.9
Dodging        | 3 4 5 |  5.0
Short Blades   | 1 2 3 4 6 |  6.4
Armour         | 1 2 3 4 5 |  5.2
Fighting       | 4 |  4.7
Shields        | 1 |  1.0

Action                     |  1- 3 |  4- 6 |  7- 9 || total
---------------------------+-------+-------+-------++-------
  Melee: Spear             |   108 |       |       ||   108
         Dagger            |       |   113 |   122 ||   235
    Use: Potion            |     1 |       |     3 ||     4
         Scroll            |       |     5 |     7 ||    12
 Armour: Robe              |    10 |       |       ||    10
         Ring mail         |    10 |    43 |    46 ||    99
  Dodge: Dodged            |    40 |    36 |    36 ||   112
  Block: Orb               |       |    12 |    17 ||    29

Table legend: (Time is in decaauts)
 A = Elapsed time spent in this place.
 B = Non-inter-level travel time spent in this place.
 C = Inter-level travel time spent in this place.
 D = Time resting spent in this place.
 E = Time spent auto-exploring this place.
 F = Levels seen in this place.
 G = Mean time per level.
                   A        B        C        D        E       F      G
               +--------+--------+--------+--------+--------+-----+--------+
         Total |   4523 |   4295 |    228 |      0 |   3552 |   6 |  753.8 |
       Dungeon |   4523 |   4295 |    228 |      0 |   3552 |   6 |  753.8 |
               +--------+--------+--------+--------+--------+-----+--------+

Top non-repeatable levels by time:
     D:5: 1013 daAuts
     D:4: 904 daAuts
     D:3: 831 daAuts
     D:1: 821 daAuts
     D:2: 622 daAuts
     D:6: 331 daAuts
